 Dungeon Crawl Stone Soup version 0.20-a0-303-g575bbf7 (console) character file.

22278 utis the Basher (level 12, 115/115 HPs)
             Began as a Naga Warper on Dec 13, 2016.
             Was an Elder of Makhleb.
             Quit the game on level 2 of the Lair of Beasts on Dec 16, 2016.
             The game lasted 02:36:54 (27122 turns).

utis the Basher (Naga Warper)                      Turns: 27122, Time: 02:36:55

Health: 115/115    AC:  9    Str: 14    XL:     12   Next: 98%
Magic:  21/21      EV: 11    Int: 18    God:    Makhleb [****..]
Gold:   882        SH:  0    Dex: 11    Spells: 0/23 levels left

rFire  . . .     SeeInvis +     a - +3 whip (drain)
rCold  + . .     Gourm    +     C - +2 leather armour {rC+}
rNeg   + . .     Faith    .     (no shield)
rPois  +         Spirit   .     l - +1 hat
rElec  .         Reflect  .     v - +0 cloak
rCorr  +         Harm     .     (no gloves)
MR     +....                    (no barding)
Stlth  ++++......               D - amulet of the gourmand
                                N - ring of positive energy
                                r - ring of resist corrosion

@: very slow
A: see invisible, deformed body, poison resistance, slowness 2, slow metabolism
1, spit poison 1, AC +4
a: Spit Poison, Minor Destruction, Lesser Servant of Makhleb, Major Destruction,
Renounce Religion


You were on level 2 of the Lair of Beasts.
You worshipped Makhleb.
Makhleb was greatly pleased with you.
You were very full.

You visited 3 branches of the dungeon, and saw 15 of its levels.

You collected 882 gold pieces.

Inventory:

Hand Weapons
 a - a +3 whip of draining (weapon)
 m - a +0 blowgun {@w1}
 w - a +0 dire flail
 x - a +0 shortbow
Missiles
 b - 58 poisoned needles
 e - 4 tomahawks of dispersal {=f}
 i - 247 arrows
 j - 223 stones (quivered)
 n - 5 throwing nets {=f}
 z - 5 curare-tipped needles {=f}
 A - 8 tomahawks
 M - 101 sling bullets
 Y - 2 needles of frenzy
Armour
 l - a +1 hat (worn)
 v - a +0 cloak (worn)
 C - a +2 leather armour of cold resistance (worn)
Magical Staves
 o - an uncursed staff of summoning {!a}
Jewellery
 p - an uncursed amulet of harm
 r - a ring of resist corrosion (left hand)
 D - an amulet of the gourmand (around neck)
 G - an uncursed amulet of guardian spirit
 N - a ring of positive energy (right hand)
Wands
 g - a wand of disintegration (0/24)
 y - a wand of digging (8/24)
 B - a wand of hasting (0/9) {@v3}
 L - a wand of polymorph (13/24)
 O - a wand of acid (1/15)
 P - a wand of paralysis (4/24)
Scrolls
 h - a scroll of amnesia
 t - 3 scrolls of teleportation {@r4}
 E - 2 scrolls of blinking
 H - 2 scrolls of enchant weapon
 R - 2 scrolls of remove curse {@r2}
 T - a scroll of vulnerability
Potions
 q - a potion of heal wounds {@q2}
 s - a potion of agility
 F - a potion of ambrosia
 K - 3 potions of flight
 Q - a potion of invisibility {unknown}
 S - 2 potions of might
 V - 3 potions of curing {@q1}
 X - 2 potions of mutation {unknown}
 Z - a potion of experience {unknown}
Books
 c - a book of Spatial Translocations

   Spells                             Type                      Level
   a - Blink                          Translocation                2
   b - Shroud of Golubria             Charms/Translocation         2
   c - Lesser Beckoning               Translocation                3
   d - Portal Projectile              Translocation                3
   e - Teleport Other                 Translocation                3
   f - Passage of Golubria            Translocation                4
 J - a book of Misfortune

   Spells                             Type                      Level
   a - Confusing Touch                Hexes                        1
   b - Confuse                        Hexes                        3
   c - Gell's Gravitas                Hexes/Translocation          3
   d - Petrify                        Transmutation/Earth          4
   e - Metabolic Englaciation         Hexes/Ice                    5
   f - Yara's Violent Unravelling     Hexes/Transmutation          5
 W - a book of Debilitation

   Spells                             Type                      Level
   a - Corona                         Hexes                        1
   b - Slow                           Hexes                        2
   c - Gell's Gravitas                Hexes/Translocation          3
   d - Inner Flame                    Hexes/Fire                   3
   e - Cause Fear                     Hexes                        4
   f - Leda's Liquefaction            Hexes/Earth                  4
Miscellaneous
 u - a phantom mirror
Comestibles
 f - 6 bread rations {@e1}
 k - 6 meat rations {@e1}
 I - 3 beef jerkies {@e2}
 U - 5 fruits {@e2}


   Skills:
 + Level 9.5 Fighting
 + Level 10.9 Maces & Flails
 - Level 0.8 Throwing
 - Level 0.7 Armour
 - Level 5.8 Dodging
 - Level 9.9 Stealth
 - Level 6.0 Spellcasting
 - Level 5.2 Hexes
 - Level 8.3 Translocations
 - Level 4.5 Invocations
 - Level 5.3 Evocations


You couldn't memorise any spells.
You knew the following spells:

 Your Spells              Type           Power        Failure   Level  Hunger
a - Slow                  Hex            ###.....     2%          2    None
c - Confuse               Hex            ###.....     8%          3    ##.....
d - Passage of Golubria   Tloc           N/A          6%          4    ####...
g - Shroud of Golubria    Chrm/Tloc      ###.......   4%          2    None
o - Teleport Other        Tloc           #####...     1%          3    ##.....
t - Portal Projectile     Tloc           #####.       1%          3    ##.....
v - Blink                 Tloc           N/A          1%          2    None
A - Apportation           Tloc           #####.....   1%          1    None
Y - Lesser Beckoning      Tloc           #####.....   1%          3    ##.....


Dungeon Overview and Level Annotations

Branches:
Dungeon (12/15)            Temple (1/1) D:4            Lair (2/6) D:11
    Orc (0/2) D:11
  Swamp: Lair:2-4    Shoals: Lair:2-4     Snake: Lair:2-4    Spider: Lair:2-4

Altars:
Ashenzari
Cheibriados
Dithmenos
Elyvilon
Fedhas
Gozag
Hepliaklqana
Kikubaaqudgha
Makhleb
Nemelex Xobeh
Okawaru
Qazlal
Ru
Sif Muna
Trog
Uskayaw
Vehumet
Xom
Yredelemnul
Zin
The Shining One

Shops:
D:6 =

Annotations:
D:3 1 runed door
D:4 Grinder
D:9 exclusion: downstairs, Erolcha
D:10 exclusion: downstairs
D:11 exclusion: downstairs, Fannar
D:12 Azrael
Lair:1 exclusions: hydra and oklob plant


Innate Abilities, Weirdness & Mutations

You cannot wear boots.
Your serpentine skin is tough. (AC +4)
You have supernaturally acute eyesight. (SInv)
Armour fits poorly on your strangely shaped body.
Your system is resistant to poisons. (rPois)
You cover ground very slowly.
You have a slow metabolism.
You can spit poison.


Message History

Unknown command.
Casting: Slow
Confirm with . or Enter, or press ? or * to list all spells.
Aiming: Teleport Other
Press: ? - help, Shift-Dir - straight line, f - death yak
Aim: a death yak (chance to defeat MR: 11%)
Okay, then.
Unknown command.
You start waiting.
Done waiting.
Unknown command.
Unknown command.
Unknown command.
Saving game... please wait.
Lua error: /dgldir/rcfiles/crawl-git/utis.rc:580: unexpected symbol near '#' Welcome back, utis the Naga Warper.
Blood and souls for Makhleb!
Press ? for a list of commands and other information.
Unknown command.
Are you sure you want to abandon this character and quit the game? (Confirm with "yes".)

.............░........†.░░.......
............░░░░........░░░░░░..░
....░.░.....░..........░░ ░...░
░...░░░.............░░░ ░░).░
░░.░ ░......░.░░...░ ░... ░░.░
░░.....░░░░...░ ░⚶.. ░..░░
░░....░░░....░░ .
░░...░░░..........░░░
░.......░....░░.N.░
..░░░....░░░.░░░░.░ .░ ░⚵.░░░░..░
░.░ ░ ░░.░ ░.░░ ░.░ ░░░ ░░ ░░░


There were no monsters in sight!

Vanquished Creatures
  Gastronok (Lair:1)
  An unseen horror (D:10)
  2 removed
  MONS_HILL_GIANTs (D:10)
  A cyclops (D:11)
  4 black mambas
  Psyche (D:8)
  A centaur zombie (D:10)
  2 centaur skeletons
  5 spiny frogs
  4 komodo dragons
  A rime drake (Lair:2)
  A polar bear (Lair:2)
  A hornet (D:10)
  2 two-headed ogres
  4 hippogriffs
  A spriggan (Lair:2)
  2 wyverns
  18 yaks
  3 hungry ghosts
  Menkaure (D:7)
  Duvessa (D:4)
  2 water moccasins
  2 porcupines (Lair:1)
  3 sky beasts
  7 ice beasts
  2 black bears
  4 orc warriors
  An eye of draining (D:9)
  2 phantoms
  3 wolves (Lair:2)
  4 ogres
  7 centaurs
  7 crocodiles
  Blork the orc (D:4)
  13 bullfrogs
  A gnoll sergeant (D:9)
  Dowan (D:4)
  A water moccasin skeleton (D:6)
  4 scorpions
  7 killer bees
  10 wights
  4 howler monkeys
  3 electric eels
  3 crimson imps
  2 bullfrog zombies
  A human zombie (D:3)
  4 jellies
  15 orc wizards
  3 bullfrog skeletons
  6 orc priests
  9 hounds
  Jessica (D:3)
  Terence (D:1)
  2 iguanas
  Natasha (thrice) (D:3)
  12 worker ants
  A killer bee zombie (D:6)
  4 hound skeletons
  A mummy (D:5)
  A howler monkey zombie (D:7)
  2 worker ant zombies
  7 gnolls
  8 adders
  4 shadow imps
  3 oozes
  An adder skeleton (D:8)
  3 worms
  2 dart slugs
  4 leopard geckos
  47 orcs
  11 bats
  6 giant cockroaches
  7 goblins
  10 hobgoblins
  11 jackals
  20 kobolds
  5 quokkas
  4 frilled lizards
  2 orc zombies (D:5)
  12 rats
384 creatures vanquished.

Vanquished Creatures (collateral kills)
  2 ugly things (D:11)
  A manticore (D:11)
  A big kobold (D:11)
  An adder (D:11)
  An orc (D:11)
6 creatures vanquished.

Vanquished Creatures (others)
  An orc wizard (D:5)
  An orc (D:7)
  13 fungi
  12 plants
27 creatures vanquished.

Grand Total: 417 creatures vanquished

Notes
Turn   | Place    | Note
-------+----------+-------------------------------------------
     0 | D:1      | utis the Naga Warper began the quest for the Orb.
     0 | D:1      | Reached XP level 1. HP: 19/19 MP: 3/3
   298 | D:1      | what a shitty level 1
   345 | D:1      | Reached skill level 1 in Stealth
   450 | D:1      | Reached XP level 2. HP: 26/26 MP: 5/5
   456 | D:1      | Learned a level 2 spell: Shroud of Golubria
   459 | D:1      | Learned a level 2 spell: Blink
  1069 | D:2      | Noticed Terence
  1080 | D:1      | Killed Terence
  1080 | D:1      | Reached skill level 3 in Maces & Flails
  1080 | D:1      | Reached XP level 3. HP: 28/32 MP: 1/6
  1578 | D:2      | Reached XP level 4. HP: 38/39 MP: 5/7
  1858 | D:2      | Learned a level 3 spell: Teleport Other
  1964 | D:2      | Reached skill level 4 in Maces & Flails
  2475 | D:3      | Reached XP level 5. HP: 37/45 MP: 8/8
  2727 | D:3      | Noticed Natasha
  2728 | D:3      | Noticed Jessica
  2976 | D:3      | Killed Jessica
  3059 | D:3      | Killed Natasha
  3079 | D:3      | Noticed Natasha
  3095 | D:3      | Killed Natasha
  3095 | D:3      | Reached XP level 6. HP: 36/52 MP: 10/10
  3182 | D:3      | Learned a level 3 spell: Lesser Beckoning
  3211 | D:3      | Noticed Natasha
  3283 | D:3      | Killed Natasha
  3318 | D:3      | Noticed a human
  3319 | D:3      | Found a runed door.
  3330 | D:3      | Found a basalt altar of Yredelemnul.
  4578 | D:4      | Found a staircase to the Ecumenical Temple.
  4592 | Temple   | Entered the Ecumenical Temple
  4687 | Temple   | Became a worshipper of Makhleb the Destroyer
  4727 | D:4      | Noticed Duvessa
  4727 | D:4      | Noticed Dowan
  4731 | D:4      | Noticed Blork the orc
  4732 | D:4      | Killed Duvessa
  4732 | D:4      | Reached XP level 7. HP: 54/63 MP: 11/11
  4742 | D:4      | Killed Blork the orc
  4742 | D:4      | Reached skill level 5 in Stealth
  4744 | D:4      | Killed Dowan
  5550 | D:5      | Entered Level 5 of the Dungeon
  5644 | D:5      | Noticed a dagger
  5645 | D:5      | Found a hide-covered altar of Uskayaw.
  5646 | D:5      | Noticed a hand axe
  5647 | D:5      | Noticed Grinder
  5994 | D:5      | Found a sand-covered staircase.
  6403 | D:5      | Reached skill level 5 in Maces & Flails
  6473 | D:5      | Found a radiant altar of Vehumet.
  6573 | D:5      | Reached XP level 8. HP: 64/73 MP: 10/12
  7214 | D:5      | Reached skill level 5 in Translocations
  7402 | D:5      | Learned a level 3 spell: Portal Projectile
  7480 | D:5      | Reached skill level 6 in Maces & Flails
  7908 | D:6      | Reached skill level 5 in Fighting
  7925 | D:6      | ...
  7925 | D:6      | I'll risk it.
  8537 | D:6      | Found a basalt altar of Yredelemnul.
  8569 | D:6      | Noticed a moth of wrath
  8571 | D:6      | Found a bloodstained altar of Trog.
  8687 | D:6      | Reached skill level 7 in Maces & Flails
  8709 | D:6      | Reached XP level 9. HP: 82/82 MP: 10/13
  8736 | D:6      | Found Sogarala's Jewellery Shop.
  8746 | D:6      | Found a stormy altar of Qazlal.
  8857 | D:6      | Reached * piety under Makhleb
  9179 | D:6      | Reached skill level 1 in Evocations
  9474 | D:7      | Found a hazy altar of Hepliaklqana.
  9689 | D:7      | Noticed a two-headed ogre
  9886 | D:7      | Killed a two-headed ogre
 10396 | D:7      | Noticed Menkaure
 10412 | D:7      | Killed Menkaure
 10412 | D:7      | Reached skill level 5 in Evocations
 12063 | D:7      | Learned a level 4 spell: Passage of Golubria
 12326 | D:8      | Noticed Psyche
 12340 | D:8      | Killed Psyche
 12340 | D:8      | Reached XP level 10. HP: 73/92 MP: 8/17
 12533 | D:8      | Reached ** piety under Makhleb
 13903 | D:9      | Reached skill level 8 in Maces & Flails
 14523 | D:9      | Noticed Erolcha
 15050 | D:9      | Reached skill level 5 in Spellcasting
 15067 | D:9      | Learned a level 2 spell: Slow
 15071 | D:10     | Entered Level 10 of the Dungeon
 15075 | D:10     | Noticed a hill giant
 15147 | D:10     | Reached skill level 1 in Hexes
 15448 | D:10     | Noticed Fannar
 15564 | D:10     | Reached *** piety under Makhleb
 16037 | D:10     | Reached skill level 5 in Hexes
 16168 | D:10     | Reached XP level 11. HP: 77/100 MP: 13/18
 16813 | D:10     | Killed a hill giant
 17381 | D:11     | Noticed a cyclops
 17391 | D:10     | Noticed an unseen horror
 17413 | D:10     | Killed an unseen horror
 18352 | D:11     | Learned a level 3 spell: Confuse
 18419 | D:11     | Noticed a white ugly thing
 18440 | D:11     | Reached skill level 1 in Invocations
 18674 | D:12     | Noticed Azrael
 18717 | D:11     | Reached **** piety under Makhleb
 18739 | D:11     | Noticed a cyan ugly thing
 18785 | D:11     | Noticed a white ugly thing
 18831 | D:10     | man
 18831 | D:10     | uh oh
 19158 | D:10     | Noticed a hill giant
 19190 | D:10     | Killed a hill giant
 20575 | D:11     | Found a staircase to the Orcish Mines.
 20746 | D:11     | Killed a cyclops
 20860 | D:11     | Killed a white ugly thing
 20860 | D:11     | Killed a brown ugly thing
 20862 | D:11     | Noticed a manticore
 20865 | D:11     | Killed a manticore
 21090 | D:11     | Found a staircase to the Lair.
 21203 | D:11     | oops
 21888 | D:11     | Reached XP level 12. HP: 96/109 MP: 14/21
 21915 | D:11     | Learned a level 1 spell: Apportation
 21955 | D:11     | Reached skill level 5 in Dodging
 22016 | D:11     | Found a deep blue altar of Sif Muna.
 22192 | Lair:1   | Entered Level 1 of the Lair of Beasts
 22194 | Lair:1   | Got a crystal trident
 22195 | Lair:1   | Identified the +6 trident of Zutopt {drain, rF++} (You found it on level 1 of the Lair of Beasts)
 22298 | Lair:1   | Noticed an eight-headed hydra
 22305 | Lair:1   | Noticed Gastronok
 22306 | Lair:1   | If I continue now, I do something careless.
 22306 | Lair:1   | Upgraded the game from 0.20-a0-277-g7db01f4 to 0.20-a0-296-gf222164
 22735 | Lair:1   | sigh
 23335 | Lair:1   | Reached skill level 9 in Maces & Flails
 23681 | Lair:1   | Noticed a seven-headed hydra
 24227 | Lair:1   | finally
 24548 | Lair:1   | Killed Gastronok
 24548 | Lair:1   | Reached skill level 10 in Maces & Flails
 27005 | Lair:2   | Noticed a death yak
 27005 | Lair:2   | Noticed a death yak
 27005 | Lair:2   | Noticed a death yak
 27122 | Lair:2   | Upgraded the game from 0.20-a0-296-gf222164 to 0.20-a0-303-g575bbf7
 27122 | Lair:2   | Quit the game

Vault maps used:
D:1:      sevenhm_arrival_forest_fort_large_1
D:2:      uniq_terence
D:3:      minmay_crystal_room, dk_yredelemnul_ordeal, uniq_natasha, uniq_jessica
D:4:      first_bread, nrook_mini_backslash, minmay_bisected, uniq_duvessa,
          uniq_blork_the_orc
D:5:      old_standard_altar, dancing_weapons_uskayaw,
          nicolae_ossuary_entry_giza, uniq_grinder
D:6:      tgw_trog, nicolae_overflow_crystal_walls, serial_shops,
          shop_fountains, basic_altar, minmay_unpleasant_kobolds
D:7:      marbit_many_paths, serial_bayou, serial_bayou_shore_b,
          serial_bayou_ford_a, serial_bayou_pond_e, serial_bayou_pond_a,
          uniq_menkaure
D:8:      uniq_psyche
D:9:      uniq_erolcha
D:10:     uniq_fannar
D:11:     lair_entry_dummy, orc_david_3, lemuel_blue_sif_altar
D:12:     portal_ice_cave_entry_ice_beasts, blue_anna_alchemist,
          hangedman_decor_lopped, uniq_azrael
Temple:   lightli_temple_of_artemis
Lair:1:   lab_entry_generic, minmay_lair_oklob_chamber, serial_bayou_shore_a,
          uniq_gastronok
Lair:2:   grunt_forest_stairs_clearing

Skill      XL: |  1  2  3  4  5  6  7  8  9 10 11 12 |
---------------+-------------------------------------+-----
Stealth        | 1 2 3 4 5 8 9 |  9.9
Maces & Flails | 3 4 5 7 8 10 | 10.9
Spellcasting   | 3 4 5 6 |  6.0
Translocations | 4 5 6 8 |  8.3
Fighting       | 3 4 6 7 9 |  9.5
Evocations     | 5 |  5.3
Dodging        | 2 4 5 |  5.8
Hexes          | 5 |  5.2
Invocations    | 4 |  4.5
Throwing       | |  0.8
Armour         | |  0.7

Action                   |  1- 3 |  4- 6 |  7- 9 | 10-12 || total
-------------------------+-------+-------+-------+-------++-------
Melee: Mace              |    43 |       |       |       ||    43
       Whip              |    24 |   169 |   385 |  1143 ||  1721
       Morningstar       |       |       |    65 |   175 ||   240
       Dire flail        |       |       |       |    52 ||    52
       Short sword       |       |       |       |    10 ||    10
       Trident           |       |       |       |     2 ||     2
 Fire: Shortbow          |       |       |       |     8 ||     8
Throw: Stone             |     3 |    25 |    58 |    43 ||   129
       Tomahawk          |       |       |     1 |     7 ||     8
 Cast: Shroud of Golubri |     3 |    27 |    36 |   111 ||   177
       Teleport Other    |       |     2 |    20 |    20 ||    42
       Lesser Beckoning  |       |       |     5 |     6 ||    11
       Slow              |       |       |       |   141 ||   141
       Blink             |       |       |       |    11 ||    11
       Passage of Golubr |       |       |       |     2 ||     2
       Confuse           |       |       |       |    76 ||    76
       Portal Projectile |       |       |       |     1 ||     1
       Apportation       |       |       |       |     8 ||     8
Invok: Lesser Servant of |       |       |       |     5 ||     5
       Minor Destruction |       |       |       |     2 ||     2
 Abil: Spit Poison       |    19 |    30 |    43 |    42 ||   134
Evoke: Wand              |       |       |     7 |    51 ||    58
  Use: Scroll            |       |     4 |    14 |    11 ||    29
       Potion            |       |     1 |     5 |     1 ||     7
 Stab: Distracted        |       |     1 |       |     4 ||     5
       Sleeping          |       |       |     5 |     3 ||     8
       Paralysed         |       |       |     8 |       ||     8
       Confused          |       |       |       |    49 ||    49
  Eat: Chunk             |     3 |    12 |    32 |    62 ||   109
       Bread ration      |       |       |     1 |     1 ||     2
       Pizza             |       |       |     1 |       ||     1
       Fruit             |       |       |       |     2 ||     2
Armor: Leather armour    |    42 |     6 |   110 |   286 ||   444
       Ring mail         |       |    31 |    36 |       ||    67
Dodge: Dodged            |    55 |    44 |   182 |   438 ||   719
